 Dungeon Crawl Stone Soup version 0.29.1-14-g9c671dbff4 (webtiles) character file.

Game seed: 10665139302844135198

133 leafyfresh the Gusty (level 5, 0/34 HPs)
             Began as an Octopode Air Elementalist on Feb 21, 2023.
             Slain by a river rat (3 damage)
             ... in a sewer.
             The game lasted 00:03:22 (2568 turns).

leafyfresh the Gusty (Octopode Air Elementalist)    Turns: 2568, Time: 00:03:23

Health: 0/34       AC:  1    Str:  8    XL:     5   Next: 16%
Magic:  0/0        EV: 13    Int: 19    God:
Gold:   82         SH:  0    Dex: 12    Spells: 3/9 levels left

rFire   + . .      SeeInvis .   o - +7 trident "Undertaker" {freeze, rN+}
rCold   . . .      Faith    .   (no shield)
rNeg    + + .      Spirit   .   (helmet restricted)
rPois   +          Reflect  .   e - amulet of Docoubri {RegenMP +Blink rF+ rN+ MP-9}
rElec   .          Harm     .   g - ring of poison resistance
rCorr   .          Rampage  .   (no ring)
Will    .....                   (no ring)
Stlth   ++++......              (no ring)
HPRegen 0.11/turn               (no ring)
MPRegen 0.47/turn               (no ring)
                                (no ring)
                                (no ring)

@: no status effects
A: almost no armour, amphibious, 8 rings, camouflage 1, gelatinous body 1,
nimble swimmer 1, tentacles
a: Evoke Blink


You were in a sewer.
You visited 1 branch of the dungeon, and saw 3 of its levels.
You also visited: Sewer.

You collected 82 gold pieces.

Inventory:

Hand Weapons
 b - a +0 dagger
 c - a +1 dagger of venom
 n - a +4 short sword
 o - the +7 trident "Undertaker" (weapon) {freeze, rN+}
   (You found it on level 3 of the Dungeon)

   It freezes those it strikes, dealing additional cold damage.
   It can also slow down cold-blooded creatures.
   rN:        It protects you from negative energy.
Jewellery
 e - the amulet of Docoubri (around mantle) {RegenMP +Blink rF+ rN+ MP-9}
   (You found it on level 3 of the Dungeon)

   [amulet of magic regeneration]

   It increases your rate of magic regeneration.
   rF:        It protects you from fire.
   rN:        It protects you from negative energy.
   MP:        It affects your magic capacity (-9).
   +Blink:    It lets you blink.
 g - a ring of poison resistance (left tentacle)
Scrolls
 i - a scroll of fog
 j - a scroll of teleportation {unknown}
 m - 2 scrolls of poison
 q - a scroll of enchant armour {unknown}
Potions
 a - a potion of magic
 d - 7 potions of curing {unknown}
 f - 5 potions of flight
 h - a potion of haste {unknown}
 k - 2 potions of lignification {unknown}
 l - a potion of cancellation {unknown}
 p - a potion of invisibility {unknown}


   Skills:
 + Level 1.9 Fighting
 + Level 1.9 Polearms
 - Level 2.0 Dodging
 - Level 2.6 Stealth
 - Level 2.6 Spellcasting
 - Level 2.1 Conjurations
 - Level 3.6 Air Magic


You had 3 spell levels left.
You knew the following spells:

 Your Spells              Type           Power      Damage    Failure   Level
a - Shock                 Conj/Air       52%        1d6       4%          1
b - Static Discharge      Conj/Air       13%        3-5/arc   8%          2
c - Swiftness             Air            16%        N/A       11%         3

Your spell library contained the following spells:

 Spells                   Type           Power      Damage    Failure   Level
 Airstrike                Air            8%         2d(2-18)  34%         4


Dungeon Overview and Level Annotations

Branches:
Dungeon (3/15)              Sewer (1/1)

Altars:

Annotations:
D:3 Ijyb


Innate Abilities, Weirdness & Mutations

You cannot wear most types of armour.
You are amphibious.
You can wear up to eight rings at the same time.
Your skin changes colour to match your surroundings (Stealth+).
Your rubbery body absorbs attacks. (AC +1, EV +1)
You are camouflaged when in or above water. (Stealth+)
You have tentacles for arms and can constrict up to eight enemies at once.


Message History

The river rat is moderately wounded.
You constrict the river rat. The river rat bites you.
There are monsters nearby!
You hit the river rat. You freeze the river rat.
You kill the river rat!
The river rat completely misses you. The river rat barely misses you.
You have reached level 5!
You feel stronger.
You hit the river rat. You freeze the river rat. You grab the river rat.
The river rat is moderately wounded.
You constrict the river rat. The river rat bites you.
The river rat closely misses you. The river rat bites you!
The river rat misses you.
You are too injured to fight recklessly!
You are too injured to fight recklessly!
You are too injured to fight recklessly!
Unknown command.
You release your grip on the river rat.
The river rat barely misses you. The river rat attacks as you move away!
The river rat completely misses you. The river rat closely misses you.
The river rat attacks as you move away! The river rat bites you.
* * * LOW HITPOINT WARNING * * *
You see here a ball python skeleton.
The river rat attacks as you move away! The river rat bites you!
* * * LOW HITPOINT WARNING * * *
The river rat attacks as you move away! The river rat barely misses you.
You hit the river rat. You freeze the river rat.
Your grab misses the river rat. You squeeze the river rat.
You kill the river rat!
You closely miss the river rat. Your grab misses the river rat.
You squeeze the river rat, but do no damage.
The river rat is heavily wounded.
The river rat closely misses you.
You closely miss the river rat. You grab the river rat.
Your squeeze misses the river rat.
The river rat is heavily wounded.
You constrict the river rat.
The river rat twitches its whiskers.
The river rat closely misses you. The river rat bites you.
You die...

#≈≈≈≈≈≈≈≈≈≈≈≈≈≈≈≈≈≈≈≈≈≈≈≈≈≈≈≈≈
#≈≈≈≈≈≈..~~≈≈≈~~~~~~~~.~.~.~~~
######.÷~...~≈~###############
###.~~.~.##~≈~#
#......####~≈.###############
##....### #~≈~~†~.~~~.~~~.~~~
#.......####.≈~≈≈≈≈≈≈≈≈≈≈≈≈≈≈≈
##........##~≈~~~~~~..~~~~~.~~
###.....###~@~###############
####### #.rr# ###### #~≈~#
....# #~≈~#####''#####+
#~~~~÷.~.........
#~~~~.~..........
#~≈~#####++#####+ #~≈~# #~≈~#


You could see 2 river rats.

Vanquished Creatures
  4 river rats (Sewer)
  3 adders
  A worm (D:2)
  An orc (D:3)
  5 ball pythons
  5 bats
  4 endoplasms
  4 giant cockroaches
  6 goblins
  4 hobgoblins
  3 jackals (Sewer)
  5 quokkas
  2 frilled lizards
  4 kobolds
  12 rats
63 creatures vanquished.

Notes
Turn   | Place    | Note
-------+----------+-------------------------------------------
     0 | D:1      | leafyfresh the Octopode Air Elementalist began the quest
                  | for the Orb.
     0 | D:1      | Reached XP level 1. HP: 11/11 MP: 3/3
   360 | D:1      | Reached XP level 2. HP: 17/17 MP: 5/5
  1376 | D:2      | Reached XP level 3. HP: 13/21 MP: 6/6
  1536 | D:2      | Learned a level 2 spell: Static Discharge
  1540 | D:2      | Learned a level 3 spell: Swiftness
  1970 | D:3      | Identified the amulet of Docoubri {RegenMP +Blink rF+ rN+
                  | MP-9}
  1978 | D:3      | Identified the +7 trident "Undertaker" {freeze, rN+}
  2041 | D:3      | Noticed Ijyb
  2069 | D:3      | Reached XP level 4. HP: 24/27 MP: 0/8
  2108 | D:3      | Found a glowing drain.
  2112 | Sewer    | Entered a sewer
  2134 | Sewer    | Reached skill level 1 in Fighting
  2134 | Sewer    | Reached skill level 1 in Polearms
  2556 | Sewer    | Reached XP level 5. HP: 28/34 MP: 0/9
  2568 | Sewer    | Slain by a river rat

Illustrated notes

Levels and vault maps discovered:
D:1:      dpeg_arrival_shelter, layout_loops_corners
D:2:      layout_basic, dreamdust_princess_corridor
D:3:      layout_rooms, gup_sewer_entry_spiral, basic_ecumenical_altar,
          uniq_ijyb
Sewer:    sewer_fruit_machine

Skill      XL: |  1  2  3  4 |
---------------+-------------+-----
Conjurations   | 2 |  2.1
Fighting       | 1 |  1.9
Polearms       | 1 |  1.9
Dodging        | |  2.0
Stealth        | |  2.6
Spellcasting   | |  2.6
Air Magic      | |  3.6

Action                   |  1- 3 |  4- 6 || total
-------------------------+-------+-------++-------
Melee: Dagger            |    46 |       ||    46
       Constrict         |    17 |     5 ||    22
       Unarmed           |     3 |       ||     3
       Tentacles         |     7 |     4 ||    11
       Short sword       |    16 |       ||    16
       Trident           |     4 |    37 ||    41
 Cast: Shock             |     3 |       ||     3
  Use: Scroll            |     3 |     1 ||     4
 Stab: Sleeping          |    12 |     8 ||    20
Armor: Skin              |     3 |       ||     3
Dodge: Dodged            |    31 |    24 ||    55
